Unix NetHack Version 5.0.0-0 post-release - last build May 23 2026 06:08:33 (1c0ff79ee797540d5714e4e18072db0edd9e58ae,branch:main).

Game began 2026-05-23 14:13:13, ended 2026-05-23 15:41:40.

HaganBacon, lawful female dwarven Valkyrie

                                                     ###########
   -------                                           #         #------------
   |...%.                                            #------   #...........|
   |.....  ####################################      #|..^.|   #|..........|
   |....   ######                -------------#      #|...>.####|.....<....|
   |....   #                     |C.........C|###   ##.....|####|..........|
     ..    #                     |.....C.....|#      #|.....#   |..........|
      r    #                     |...---.-...|#      #------    ------------
      f@####                     |...|.{.|...|#     ##
                                 |..C|{.{|C..|#   ###
                                 |...|.{.|....#####
                                 |...-----...|#
                                 |.....C.....|
                                 |C.........C|
                                 -------------

HaganBacon the Skirmisher   St:18/01 Dx:12 Co:15 In:10 Wi:13 Ch:8  Lawful
Dlvl:5  $:30 HP:0(36) Pw:11(11) AC:3  Xp:4 T:2571 

Latest messages:
 In what direction? 4
 Whammm!!
 In what direction? 4
 As you kick the door, it crashes open!
 Pick a monster, object or location.
 C        a centaur or a statue (a statue of a forest centaur)
 You kill the newt!
 The little dog bites!
 You hit the little dog!
 The little dog just misses!
 The little dog bites!
 You kill the little dog!
 x - a cyan potion.
 There is a little dog corpse here; eat it? [ynq] (n) n
 There is a newt corpse here; eat it? [ynq] (n) y
 This newt corpse is stringy.
 You finish eating the newt corpse.
 You feel a mild buzz.
 There is a broken door here.
 You see here a little dog corpse.
 Fang eats a little dog corpse.
 Fang bites the kitten.
 The kitten is killed!
 You see here a statue of a plains centaur.
 "Velkommen, HaganBacon, welcome to Delphi!"
 Talk to whom? (in what direction) 1
 "Wilt thou settle for a minor consultation?" (50 zorkmids) [ynq] (q) n
 You are carrying too much to get through.
 You find a hidden passage.
 You are carrying too much to get through.
 You find a hidden passage.
 The rabid rat bites!
 The rabid rat bites!
 You miss the rabid rat.
 Fang misses the rabid rat.
 The rabid rat bites!
 Fang bites the rabid rat.
 The rabid rat misses Fang.
 You hit the rabid rat!
 Fang misses the rabid rat.
 The rabid rat bites!
 The rabid rat's bite was poisoned!
 You feel very sick!
 Fang misses the rabid rat.
 You swap places with Fang.
 Fang misses the rabid rat.
 The rabid rat bites!
 You die...
 Do you want your possessions identified? [ynq] (y) y
 Do you want to see your attributes? [ynq] (y) q

Inventory:
 Coins    ('$')
  $ - 30 gold pieces
 Weapons  (')')
  e - 9 +0 darts (at the ready)
  b - 2 +0 daggers
  a - a +1 dwarvish spear (weapon in right hand)
  h - a +0 long sword
  v - a cursed +0 halberd
 Armor    ('[')
  w - an uncursed +0 pair of water walking boots (being worn)
  l - an uncursed +0 shield of drain resistance
  c - an uncursed +3 small shield (being worn)
  j - an uncursed +0 leather armor (being worn)
 Comestibles  ('%')
  s - an uncursed tin of candied werejackal meat
 Scrolls  ('?')
  p - a blessed scroll of destroy armor
  d - a cursed scroll of earth
  n - an uncursed scroll of enchant armor
  u - a blessed scroll of teleportation
  q - an uncursed scroll of teleportation
 Potions  ('!')
  x - an uncursed potion of hallucination
  f - an uncursed potion of invisibility
  k - an uncursed potion of paralysis
  o - an uncursed potion of restore ability
 Rings    ('=')
  i - an uncursed +5 ring of protection
  r - an uncursed ring of slow digestion
  t - an uncursed ring of slow digestion
 Wands    ('/')
  g - a wand of sleep (0:4)
 Gems/Stones  ('*')
  m - an uncursed flint stone

HaganBacon the Valkyrie's attributes:

Background:
 You were a Skirmisher, a level 4 dwarven Valkyrie.
 You were lawful, nominally on a mission for Tyr
 who was opposed by Odin (neutral) and Loki (chaotic).
 You were right-handed.
 You were in the Dungeons of Doom, on level 5.
 You entered the dungeon 2571 turns ago.
 You had 114 experience points, 46 more were needed to attain level 5.

Basics:
 You had 0 out of 36 hit points.
 You had all 11 energy points (spell power).
 Your armor class was 3.
 Your wallet contained 30 zorkmids.
 Autopickup was on for '$"?!=/' plus thrown.

Final Characteristics:
 Your strength was 18/01 (peak:18/02, limit:18/100).
 Your dexterity was 12 (limit:20).
 Your constitution was 15 (peak:18, limit:20).
 Your intelligence was 10 (limit:16).
 Your wisdom was 13 (limit:16).
 Your charisma was 8 (limit:16).

Final Status:
 You weren't hungry.
 You were unencumbered.
 You were wielding a spear.
 You had basic skill with spear.

Final Attributes:
 You were piously aligned.
 You were cold resistant.
 You had infravision.
 You were stealthy.
 You could walk on water.
 You were warded.
 You are dead.

Miscellaneous:
 You didn't encounter any bones levels.
 Total elapsed playing time was 1 hour, 7 minutes and 42 seconds.

Major events:
 Turn
    1: HaganBacon the lawful dwarven Valkyrie entered the dungeon
  866: entered the Gnomish Mines
 1267: attained the rank of Skirmisher (level 3)
 2571: killed by a rabid rat

You didn't know any spells.

Skills:
 Fighting Skills
   bare handed combat [Unskilled]
   two weapon combat  [Unskilled]
   riding             [Unskilled]
 Weapon Skills
   dagger             [Basic]
   axe                [Unskilled]
   pick-axe           [Unskilled]
   short sword        [Unskilled]
   broadsword         [Unskilled]
   long sword         [Unskilled]
   two-handed sword   [Unskilled]
   saber              [Unskilled]
   hammer             [Unskilled]
   quarterstaff       [Unskilled]
   polearms           [Unskilled]
   spear              [Basic]
   trident            [Unskilled]
   lance              [Unskilled]
   sling              [Unskilled]
 Spellcasting Skills
   attack spells      [Unskilled]
   escape spells      [Unskilled]

Voluntary challenges:
 Character rerolling was not enabled.
 You were an atheist.
 You were illiterate.
 You never genocided any monsters.
 You never polymorphed an object.
 You never changed form.
 You used no wishes.
Achievements:
 You entered a shop.
 You entered the Gnomish Mines.
 You attained the rank of Skirmisher.

 The Dungeons of Doom: levels 1 to 6
    Level 1:
       A fountain.
    Level 2:
       A general store, a fountain, a sink.
    Level 3:
       A general store.
       Stairs down to The Gnomish Mines.
    Level 4:
    Level 5: <- You were here.
       Many fountains.
       Oracle of Delphi.
       Final resting place for
          you, killed by a rabid rat.
    Level 6:
 The Gnomish Mines:
    Level 4:


Vanquished creatures:
  a gray ooze
  a baby crocodile
  a little dog
  2 floating eyes
  a kitten
  a kobold leader
  a monkey
  a wererat
  2 acid blobs
  a coyote
  2 hobbits
  3 giant rats
  a brown mold
  2 yellow molds
  a green mold
  2 geckos
  5 jackals
  2 foxes
  2 goblins
  2 grid bugs
  2 lichens
  2 kobold zombies
  7 newts
45 creatures vanquished.

No species were genocided or became extinct.

Game over:
                       ----------
                      /          \
                     /    REST    \
                    /      IN      \
                   /     PEACE      \
                  /                  \
                  |    HaganBacon    |
                  |      30 Au       |
                  |   killed by a    |
                  |    rabid rat     |
                  |                  |
                  |                  |
                  |       2026       |
                 *|     *  *  *      | *
        _________)/\\_//(\/(/\)/\//\/|_)_______

Farvel HaganBacon the Valkyrie...

You died in The Dungeons of Doom on dungeon level 5 with 733 points,
and 30 pieces of gold, after 2571 moves.
You were level 4 with a maximum of 36 hit points when you died.

